 Dungeon Crawl Stone Soup version 0.30-b1-2-g02819fbbbe (webtiles) character file.

Game seed: 9055185373425883660

1511 Flugkiller the Trooper (level 8, -13/74 HPs)
             Began as a Minotaur Fighter on May 8, 2023.
             Mangled by Pikel
             ... wielding a +1 whip of electrocution
              (18 damage)
             ... on level 5 of the Dungeon.
             The game lasted 00:02:12 (4534 turns).

Flugkiller the Trooper (Minotaur Fighter)           Turns: 4534, Time: 00:02:13

Health: -13/74     AC: 14    Str: 22    XL:     8   Next: 53%
Magic:  7/7        EV:  6    Int:  5    God:
Gold:   289        SH:  5    Dex: 11    Spells: 7/7 levels left

rFire   . . .        a - +0 war axe
rCold   . . .        c - +0 buckler
rNeg    . . .        h - +0 plate armour
rPois   .            (helmet restricted)
rElec   .            (no cloak)
rCorr   .            e - +0 pair of gloves
SInv    .            (no boots)
Will    .....        (no amulet) Stlth
                     (no ring)
HPRegen 0.32/turn    (no ring)
MPRegen 0.10/turn

%: no passive effects
@: about to teleport
A: horns 2, retaliatory headbutt
a: no special abilities


You were on level 5 of the Dungeon.
You visited 1 branch of the dungeon, and saw 5 of its levels.

You collected 289 gold pieces.

Inventory:

Hand Weapons
 a - a +0 war axe (weapon)
Armour
 b - a +0 scale mail
 c - a +0 buckler (worn)
 e - a +0 pair of gloves (worn)
   (You found it on level 1 of the Dungeon)
 h - a +0 plate armour (worn)
   (You found it on level 1 of the Dungeon)
Wands
 m - a wand of iceblast (2)
   (You found it on level 2 of the Dungeon)
Scrolls
 l - a scroll of magic mapping
 r - a scroll of poison {unknown}
 t - a scroll of teleportation
Potions
 d - 3 potions of might
 f - a potion of ambrosia
 g - a potion of cancellation {unknown}
 i - a potion of lignification {unknown}
 j - a potion of degeneration {unknown}
 k - a potion of heal wounds {unknown}
 n - 2 potions of resistance
 o - a potion of magic {unknown}
 p - 2 potions of flight {unknown}
 q - 2 potions of curing
 v - a potion of brilliance {unknown}
 w - a potion of mutation {unknown}


   Skills:
 * Level 7.8 Fighting
 * Level 7.2 Axes
 * Level 7.7 Armour
 + Level 6.0 Shields


You had 7 spell levels left.
You didn't know any spells.
Your spell library was empty.

Dungeon Overview and Level Annotations

Branches:
Dungeon (5/15)
 Temple: D:4-7

Altars:
Dithmenos
Nemelex Xobeh
Yredelemnul

Annotations:
D:4 1 runed translucent door
D:5 Pikel


Innate Abilities, Weirdness & Mutations

You have a pair of horns on your head.
You reflexively headbutt those who attack you in melee.


Message History

You slash Eustachio!
Eustachio is almost dead.
Eustachio hits you with a +0 rapier.
You slash Eustachio!
You kill Eustachio!
Your Shields skill increases to level 6!
No target in view!
No target in view!
g - a metallic dark potion
Things that are here:
a +0 rapier; a +0 leather armour; the human corpse of Eustachio
Things that are here:
a +0 scythe; a +0 robe
Found a stone staircase leading up.
Things that are here:
a +0 rapier; a +0 leather armour; the human corpse of Eustachio The ufetubus shouts!
An ufetubus is nearby!
You closely miss the ufetubus.
The ufetubus hits you but does no damage. x2
The ufetubus barely misses you. You furiously retaliate!
You headbutt the ufetubus. You block the ufetubus's attack.
You miss the ufetubus.
The ufetubus is almost dead.
You block the ufetubus's attack. The ufetubus hits you.
The ufetubus hits you but does no damage.
You block the ufetubus's attack.
You barely miss the ufetubus.
The ufetubus is almost dead.
The ufetubus closely misses you.
The ufetubus hits you but does no damage.
You block the ufetubus's attack. x2
You slash the ufetubus!
You kill the ufetubus!
No target in view!
No target in view!
No target in view!
No target in view!
A lemure comes into view.
The lemure shouts!
Found a glowing sapphire potion.
A lemure is nearby!
A lemure is nearby!
A lemure is nearby!
A lemure comes into view.
The lemure shouts!
You hear a shout!
You hear an angry hiss.
Pikel, Merchant of Souls comes into view.
He is wielding a +1 whip of electrocution and carrying a wand of iceblast (9).
Found 19 gold pieces.
Pikel shouts!
The lemure hits you.
A lemure comes into view. x2
Pikel moves out of view.
The lemure shouts! x2
You hit the lemure but do no damage. The lemure hits you but does no damage.
An iguana comes into view.
The iguana hisses angrily.
You slash the lemure! You headbutt the lemure!
The lemure is almost dead.
The lemure hits you.
You hit the lemure. You headbutt the lemure.
You kill the lemure!
That felt strangely unrewarding.
You hit the lemure. You headbutt the lemure.
The lemure is moderately wounded.
The lemure hits you.
Pikel hits you with a +1 whip of electrocution.
You are electrocuted!
The lemure hits you.
You closely miss the lemure.
The lemure is moderately wounded.
You closely miss Pikel. Pikel barely misses you. You furiously retaliate!
You headbutt Pikel! You slash Pikel!
Pikel is heavily wounded.
You closely miss the lemure. You barely miss the lemure. The lemure hits you.
The lemure completely misses you. You furiously retaliate!
You headbutt the lemure!
Pikel hits you with a +1 whip of electrocution.
You are electrocuted!
You slash Pikel!
Pikel is severely wounded.
You hit the iguana but do no damage. You hit the lemure but do no damage.
You closely miss the lemure. The lemure hits you but does no damage.
The iguana barely misses you. You furiously retaliate!
You headbutt the iguana! The lemure hits you.
Pikel hits you with a +1 whip of electrocution!
You are electrocuted!
* * * LOW HITPOINT WARNING * * *
You are too injured to fight recklessly!
You are too injured to fight recklessly!
Okay, then.
Okay, then.
As you read the scroll of teleportation, it crumbles to dust.
You feel strangely unstable. The lemure hits you.
* * * LOW HITPOINT WARNING * * *
The iguana barely misses you. You furiously retaliate!
You headbutt the iguana.
You kill the iguana!
The lemure hits you.
* * * LOW HITPOINT WARNING * * *
Pikel hits you but does no damage.
You are electrocuted!!
You die...

#..# #....## #########..
##..# ###...# .....
#..." ....# ##..## .....
#.... .#.## #...# ......
##### ##.# #...## ......
#.# ##...####......
##.#########...........$
........................
##.###########./@K5#...
#..............55......
#.#####.....#####......
#.#####.##### ......
####....# ..!..
###...#### ..... ....###
.... ##### ....


You could see Pikel and 3 lemures.

Vanquished Creatures
  Grinder (D:4)
  Sigmund (D:5)
  Eustachio (D:5)
  A water moccasin (D:4)
  An orc warrior (D:5)
  2 black bears
  2 ogres (D:5)
  A lemure (D:5)
  A scorpion (D:5)
  2 jellies
  An orc priest (D:5)
  4 iguanas
  An orc wizard (D:5)
  Robin (D:4)
  3 gnolls (D:2)
  7 adders
  An ufetubus (D:5)
  A worm (D:2)
  2 dart slugs
  7 orcs
  15 endoplasms
  2 giant cockroaches
  11 goblins
  10 hobgoblins
  3 jackals (D:1)
  5 quokkas
  10 ball pythons
  2 bats
  3 frilled lizards (D:2)
  8 kobolds
  4 rats
  A toadstool (D:3)
115 creatures vanquished.

Vanquished Creatures (others)
  7 fungi (D:3)
  3 plants
  5 toadstools (D:3)
15 creatures vanquished.

Grand Total: 130 creatures vanquished

Notes
Turn   | Place    | Note
-------+----------+-------------------------------------------
     0 | D:1      | Flugkiller the Minotaur Fighter began the quest for the
                  | Orb.
     0 | D:1      | Reached XP level 1. HP: 19/19 MP: 0/0
   108 | D:1      | Reached XP level 2. HP: 27/27 MP: 1/1
  1125 | D:2      | Reached XP level 3. HP: 33/33 MP: 2/2
  1238 | D:2      | Reached XP level 4. HP: 19/41 MP: 3/3
  1813 | D:3      | Reached XP level 5. HP: 47/47 MP: 4/4
  1980 | D:3      | Found a faded altar of an unknown god.
  2298 | D:3      | Reached skill level 5 in Fighting
  2664 | D:4      | Reached skill level 5 in Armour
  2671 | D:4      | Found a runed translucent door.
  2671 | D:4      | Noticed a human
  2678 | D:4      | Found a basalt altar of Yredelemnul.
  2791 | D:4      | Noticed a black bear
  2802 | D:4      | Killed a black bear
  2803 | D:4      | Reached XP level 6. HP: 16/56 MP: 5/5
  3018 | D:4      | Noticed Robin
  3027 | D:4      | Killed Robin
  3302 | D:4      | Noticed a water moccasin
  3311 | D:4      | Killed a water moccasin
  3312 | D:4      | Reached skill level 5 in Axes
  3481 | D:4      | Noticed Grinder
  3491 | D:4      | Killed Grinder
  3492 | D:4      | Reached skill level 5 in Shields
  3492 | D:4      | Reached XP level 7. HP: 46/63 MP: 6/6
  3575 | D:4      | Found a shadowy altar of Dithmenos.
  3766 | D:5      | Entered Level 5 of the Dungeon
  3904 | D:5      | Noticed Eustachio
  4108 | D:5      | Reached XP level 8. HP: 41/73 MP: 7/7
  4296 | D:5      | Found a sparkling altar of Nemelex Xobeh.
  4380 | D:5      | Noticed Sigmund
  4391 | D:5      | Killed Sigmund
  4424 | D:5      | Killed Eustachio
  4526 | D:5      | Noticed Pikel
  4534 | D:5      | Mangled by Pikel

Illustrated notes

Levels and vault maps discovered:
D:1:      lightli_arrival_noodles, layout_basic
D:2:      layout_basic, serial_forest, infiniplex_forest_lined_3,
          infiniplex_forest_side_room, infiniplex_forest_lined_2,
          infiniplex_forest_clump_large, chequers_serial_rivers_small_a,
          hangedman_decor_push
D:3:      cheibrodos_fertilizer, layout_loops_corners,
          shapermc_ecumenical_altar_gd
D:4:      layout_basic, grunt_dithmenos_smoke, dk_yredelemnul_ordeal,
          uniq_robin, uniq_grinder
D:5:      layout_rooms, mainiacjoe_overflow_alcove_4, minmay_temple_entry_oklob,
          uniq_eustachio, uniq_pikel, uniq_sigmund

Skill      XL: |  1  2  3  4  5  6  7  8 |
---------------+-------------------------+-----
Axes           | 3 4 5 6 7 |  7.2
Fighting       | 4 5 6 7 |  7.8
Armour         | 4 5 6 7 |  7.7
Shields        | 4 5 6 |  6.0

Action                     |  1- 3 |  4- 6 |  7- 9 || total
---------------------------+-------+-------+-------++-------
  Melee: War axe           |    57 |   132 |    56 ||   245
         Headbutt          |    10 |    15 |    10 ||    35
  Evoke: Wand              |       |       |     2 ||     2
    Use: Scroll            |       |     8 |     2 ||    10
         Potion            |       |     1 |     1 ||     2
 Armour: Scale mail        |     8 |       |       ||     8
         Plate armour      |    26 |    93 |    42 ||   161
  Dodge: Dodged            |    15 |    40 |    32 ||    87
  Block: Buckler           |    12 |    32 |    18 ||    62
